General information
- name: BNet
- type: Ladder team game (AT/RT)
- host: Battle.net
- saver: Elora
map: FullScaleAssault
- players: 8
- length: 28:55
- speed: Fast
- version: 1.24 W3XP
- replay type: Public
» download(176 KB)
Players
team 1 (winner)
LouFourignoHulk (
teal | 54 APM | 1554 actions | 28:53)
6 Mountain King
3 Storm Bolt
2 Bash
1 Avatar
6 Paladin
3 Holy Light
1 Divine Shield
1 Devotion Aura
1 Resurrection
5 Blood Mage
1 Banish
1 Siphon Mana
3 Flame Strike
» actions
| Assign group hotkey | 19 | |
| Basic commands | 278 | |
| Build / train | 97 | |
| Enter build submenu | 19 | |
| Enter hero's abilities submenu | 17 | |
| Give item / drop item | 16 | |
| Right click | 224 | |
| Select / deselect | 316 | |
| Select group hotkey | 468 | |
| Use ability | 100 | |
1554 total
» units
| Peasant | 12 | |
| Footman | 4 | |
| Goblin Shredder | 1 | |
| Gryphon Rider | 8 | |
| Mortar Team | 7 | |
| Flying Machine | 6 | |
38 total
» upgrades
| Lumber Harvesting | 2 | |
| Swords | 3 | |
| Armor | 3 | |
| Animal War Training | 1 | |
| Masonry | 2 | |
| Storm Hammers | 1 | |
| Fragmentation Shards | 1 | |
| Flare | 1 | |
| Barrage | 1 | |
| Cloud | 1 | |
| Gunpowder | 2 | |
18 total
» buildings
| Altar of Kings | 1 | |
| Farm | 14 | |
| Barracks | 1 | |
| Lumber Mill | 1 | |
| Scout Tower | 1 | |
| Arcane Tower | 1 | |
| Keep | 3 | |
| Town Hall | 2 | |
| Castle | 1 | |
| Blacksmith | 1 | |
| Arcane Vault | 1 | |
| Gryphon Aviary | 2 | |
| Workshop | 2 | |
31 total
» build order
00:22 Altar of Kings
00:36 Farm
00:51 Barracks
01:01 Farm
01:06 Lumber Mill
01:43 Farm
02:11 Scout Tower
02:43 Arcane Tower
03:36 Keep
04:31 Town Hall
04:41 Farm
06:33 Castle
06:42 Blacksmith
06:43 Arcane Vault
07:11 Gryphon Aviary
07:13 Gryphon Aviary
07:19 Farm
07:20 Farm
07:21 Farm
07:22 Farm
07:22 Farm
11:40 Farm
11:42 Workshop
11:44 Workshop
13:06 Farm
13:07 Farm
13:07 Farm
13:08 Farm
24:40 Keep
25:34 Town Hall
28:17 Keep
» items
| Boots of Speed | 3 | |
| Orb of Fire | 3 | |
| Periapt of Vitality | 1 | |
| Scroll of Speed | 1 | |
| Orb of Lightning | 1 | |
| Scroll of Town Portal | 1 | |
| Scroll of Regeneration | 1 | |
11 total

»
NOOBIENEWBIE (
orange | 80 APM | 2301 actions | 28:53)
6 Archmage
3 Blizzard
2 Brilliance Aura
1 Mass Teleport
2 Blood Mage
1 Flame Strike
1 Siphon Mana
» actions
| Assign group hotkey | 11 | |
| Basic commands | 13 | |
| Build / train | 96 | |
| ESC pressed | 1 | |
| Enter build submenu | 37 | |
| Enter hero's abilities submenu | 8 | |
| Give item / drop item | 2 | |
| Remove unit from queue | 1 | |
| Right click | 749 | |
| Select / deselect | 561 | |
| Select group hotkey | 712 | |
| Use ability | 109 | |
2301 total
» units
| Peasant | 17 | |
| Siege Engine | 10 | |
| Sorceress | 3 | |
| Mortar Team | 4 | |
34 total
» upgrades
| Masonry | 3 | |
| Lumber Harvesting | 2 | |
| Gunpowder | 3 | |
| Plating | 3 | |
| Magic Sentry | 1 | |
| Sorceress Training | 1 | |
| Barrage | 1 | |
| Fragmentation Shards | 1 | |
| Flare | 1 | |
| Armor | 3 | |
19 total
» buildings
| Altar of Kings | 1 | |
| Lumber Mill | 1 | |
| Farm | 10 | |
| Scout Tower | 11 | |
| Arcane Tower | 1 | |
| Town Hall | 3 | |
| Keep | 2 | |
| Guard Tower | 6 | |
| Blacksmith | 1 | |
| Arcane Vault | 1 | |
| Castle | 1 | |
| Arcane Sanctum | 1 | |
| Workshop | 4 | |
43 total
» build order
00:11 Altar of Kings
00:26 Lumber Mill
00:36 Farm
00:51 Farm
01:31 Scout Tower
01:37 Scout Tower
02:09 Arcane Tower
03:49 Town Hall
03:55 Town Hall
03:58 Scout Tower
04:00 Scout Tower
04:02 Scout Tower
04:04 Keep
04:04 Keep
04:31 Scout Tower
04:34 Scout Tower
04:36 Scout Tower
04:37 Guard Tower
05:02 Guard Tower
05:06 Guard Tower
05:39 Blacksmith
05:43 Arcane Vault
05:57 Scout Tower
06:02 Scout Tower
06:07 Scout Tower
06:27 Castle
06:30 Guard Tower
06:39 Guard Tower
06:39 Guard Tower
06:57 Farm
06:59 Farm
07:39 Farm
07:40 Farm
08:19 Arcane Sanctum
09:08 Workshop
09:11 Workshop
09:13 Workshop
09:16 Farm
13:11 Farm
13:12 Farm
15:14 Farm
27:12 Workshop
28:21 Town Hall
» items
| Potion of Invisibility | 3 | |
| Periapt of Vitality | 2 | |
| Scroll of Town Portal | 8 | |
| Boots of Speed | 1 | |
| Tiny Great Hall | 4 | |
| Scroll of Regeneration | 1 | |
| Potion of Healing | 1 | |
| Scroll of Healing | 1 | |
| Scroll of Speed | 1 | |
22 total
IKvasili (
purple | 45 APM | 1305 actions | 28:53)
5 Blademaster
1 Wind Walk
3 Critical Strike
1 Mirror Image
4 Tauren Chieftain
1 War Stomp
2 Shockwave
1 Endurance Aura
» actions
| Assign group hotkey | 22 | |
| Basic commands | 44 | |
| Build / train | 63 | |
| Enter build submenu | 22 | |
| Enter hero's abilities submenu | 9 | |
| Remove unit from queue | 1 | |
| Right click | 712 | |
| Select / deselect | 231 | |
| Select group hotkey | 161 | |
| Use ability | 40 | |
1305 total
» units
| Peon | 4 | |
| Grunt | 5 | |
| Shaman | 17 | |
| Tauren | 13 | |
39 total
» upgrades
| Melee Weapons | 2 | |
| Pillage | 1 | |
| Armor | 1 | |
| Shaman Training | 2 | |
| Pulverize | 1 | |
7 total
» buildings
| Altar of Storms | 2 | |
| Orc Burrow | 8 | |
| War Mill | 2 | |
| Barracks | 1 | |
| Stronghold | 1 | |
| Voodoo Lounge | 1 | |
| Spirit Lodge | 2 | |
| Fortress | 4 | |
| Beastiary | 1 | |
| Tauren Totem | 2 | |
24 total
» build order
00:07 Altar of Storms
00:18 Orc Burrow
01:17 Orc Burrow
02:15 War Mill
02:35 Barracks
02:53 War Mill
03:09 Orc Burrow
04:58 Altar of Storms
06:02 Stronghold
06:19 Voodoo Lounge
07:48 Orc Burrow
07:53 Orc Burrow
08:04 Orc Burrow
08:40 Spirit Lodge
11:21 Spirit Lodge
11:26 Orc Burrow
12:12 Fortress
12:12 Fortress
12:13 Fortress
13:36 Beastiary
14:50 Tauren Totem
14:53 Tauren Totem
15:35 Orc Burrow
Elora (
blue | 25 APM | 722 actions | 28:55)
1 Dreadlord
1 Carrion Swarm
» actions
| Basic commands | 79 | |
| Build / train | 65 | |
| ESC pressed | 1 | |
| Enter build submenu | 28 | |
| Enter hero's abilities submenu | 1 | |
| Right click | 203 | |
| Select / deselect | 275 | |
| Use ability | 70 | |
722 total
» units
» buildings
| Crypt | 1 | |
| Ziggurat | 65 | |
| Altar of Darkness | 1 | |
| Graveyard | 1 | |
| Nerubian Tower | 21 | |
| Spirit Tower | 21 | |
| Halls of the Dead | 1 | |
| Black Citadel | 1 | |
112 total
» build order
01:21 Crypt
01:42 Ziggurat
01:48 Ziggurat
01:50 Ziggurat
01:50 Ziggurat
01:56 Ziggurat
02:03 Ziggurat
02:12 Ziggurat
02:15 Ziggurat
02:59 Ziggurat
03:03 Ziggurat
03:13 Ziggurat
03:19 Ziggurat
03:22 Ziggurat
03:23 Ziggurat
03:29 Ziggurat
03:56 Ziggurat
04:06 Ziggurat
04:11 Ziggurat
04:16 Ziggurat
04:21 Ziggurat
04:23 Ziggurat
04:44 Ziggurat
05:12 Altar of Darkness
06:14 Graveyard
06:45 Nerubian Tower
06:49 Nerubian Tower
07:03 Nerubian Tower
07:06 Nerubian Tower
07:13 Nerubian Tower
07:16 Nerubian Tower
07:46 Ziggurat
07:48 Ziggurat
07:51 Ziggurat
07:53 Ziggurat
08:01 Ziggurat
08:06 Ziggurat
08:25 Ziggurat
08:27 Ziggurat
08:30 Ziggurat
08:40 Spirit Tower
09:19 Ziggurat
09:22 Ziggurat
09:24 Ziggurat
09:28 Ziggurat
09:38 Ziggurat
10:07 Ziggurat
10:12 Ziggurat
10:16 Ziggurat
10:19 Ziggurat
10:24 Ziggurat
10:39 Spirit Tower
10:51 Spirit Tower
11:07 Spirit Tower
11:16 Spirit Tower
11:31 Spirit Tower
11:55 Ziggurat
12:36 Spirit Tower
12:38 Nerubian Tower
12:40 Spirit Tower
12:43 Nerubian Tower
12:51 Spirit Tower
13:00 Nerubian Tower
13:15 Spirit Tower
13:33 Nerubian Tower
13:39 Spirit Tower
13:49 Nerubian Tower
14:59 Halls of the Dead
15:10 Spirit Tower
15:13 Nerubian Tower
16:24 Ziggurat
16:25 Ziggurat
16:30 Ziggurat
16:32 Ziggurat
16:32 Ziggurat
17:53 Ziggurat
17:57 Ziggurat
17:59 Ziggurat
18:02 Ziggurat
18:13 Ziggurat
18:21 Ziggurat
18:27 Ziggurat
18:41 Spirit Tower
18:43 Nerubian Tower
18:58 Spirit Tower
19:01 Nerubian Tower
19:54 Spirit Tower
19:56 Spirit Tower
20:02 Nerubian Tower
20:04 Nerubian Tower
20:06 Spirit Tower
20:10 Spirit Tower
20:14 Nerubian Tower
20:16 Nerubian Tower
20:19 Spirit Tower
20:21 Spirit Tower
21:40 Ziggurat
21:43 Ziggurat
21:45 Ziggurat
21:47 Ziggurat
21:49 Ziggurat
21:52 Ziggurat
23:10 Black Citadel
23:23 Spirit Tower
23:47 Nerubian Tower
24:41 Ziggurat
24:44 Ziggurat
24:57 Ziggurat
25:00 Ziggurat
25:07 Ziggurat
25:46 Nerubian Tower
25:47 Nerubian Tower
team 2 (loser)

»
jai_jaime (
red | 69 APM | 1225 actions | 17:39)
2 Shadow Hunter
1 Serpent Ward
1 Healing Wave
1 Far Seer
1 Feral Spirit
» actions
| Assign group hotkey | 86 | |
| Basic commands | 200 | |
| Build / train | 69 | |
| ESC pressed | 1 | |
| Enter build submenu | 28 | |
| Enter hero's abilities submenu | 3 | |
| Right click | 202 | |
| Select / deselect | 290 | |
| Select group hotkey | 290 | |
| Use ability | 56 | |
1225 total
» units
| Peon | 18 | |
| Troll Headhunter/Berserker | 17 | |
| Blue Drake | 1 | |
| Blue Dragon Whelp | 1 | |
| Kodo Beast | 3 | |
| Shaman | 4 | |
| Raider | 1 | |
45 total
» upgrades
| Armor | 1 | |
| Ranged Weapons | 2 | |
| Spiked Barricades | 1 | |
| Melee Weapons | 1 | |
| Troll Regeneration | 1 | |
| Berserker Upgrade | 1 | |
| War Drums Damage Increase | 1 | |
| Shaman Training | 2 | |
| Pillage | 1 | |
| Ensnare | 1 | |
12 total
» buildings
| Orc Burrow | 6 | |
| Altar of Storms | 1 | |
| War Mill | 1 | |
| Barracks | 2 | |
| Voodoo Lounge | 1 | |
| Great Hall | 1 | |
| Watch Tower | 7 | |
| Stronghold | 1 | |
| Fortress | 1 | |
| Beastiary | 1 | |
| Spirit Lodge | 2 | |
24 total
» build order
00:10 Orc Burrow
00:17 Altar of Storms
01:18 War Mill
01:27 Barracks
01:56 Voodoo Lounge
02:13 Orc Burrow
04:12 Great Hall
04:26 Orc Burrow
04:54 Watch Tower
05:20 Watch Tower
06:15 Watch Tower
06:24 Orc Burrow
06:50 Stronghold
07:28 Watch Tower
07:40 Barracks
08:57 Watch Tower
09:37 Orc Burrow
10:13 Watch Tower
10:19 Watch Tower
10:25 Fortress
10:35 Beastiary
12:11 Spirit Lodge
12:37 Spirit Lodge
14:36 Orc Burrow
» items
| Potion of Mana | 2 | |
| Potion of Healing | 2 | |
| Scroll of Town Portal | 1 | |
5 total

»
hotdogsrforpros (
yellow | 25 APM | 431 actions | 17:34)
3 Demon Hunter
2 Evasion
1 Immolation
3 Warden
2 Shadow Strike
1 Blink
» actions
| Build / train | 65 | |
| Enter build submenu | 17 | |
| Enter hero's abilities submenu | 6 | |
| Remove unit from queue | 1 | |
| Right click | 128 | |
| Select / deselect | 182 | |
| Use ability | 32 | |
431 total
» units
| Wisp | 21 | |
| Dryad | 12 | |
| Druid of the Talon | 8 | |
| Hippogryph | 1 | |
42 total
» upgrades
| Strength of the Wild | 3 | |
| Reinforced Hides | 3 | |
| Abolish Magic | 1 | |
| Druid of the Talon Training | 2 | |
| Mark of the Talon | 1 | |
| Well Spring | 1 | |
11 total
» buildings
| Moon Well | 8 | |
| Altar of Elders | 1 | |
| Tree of Ages | 1 | |
| Hunter's Hall | 1 | |
| Ancient of Wind | 2 | |
| Ancient of Lore | 2 | |
| Tree of Eternity | 1 | |
| Ancient of Wonders | 1 | |
| Tree of Life | 1 | |
18 total
» build order
00:14 Moon Well
00:25 Altar of Elders
01:19 Moon Well
02:15 Moon Well
02:55 Tree of Ages
03:20 Hunter's Hall
04:49 Moon Well
05:01 Moon Well
05:25 Ancient of Wind
05:30 Ancient of Wind
05:36 Ancient of Lore
05:42 Ancient of Lore
06:31 Tree of Eternity
06:46 Ancient of Wonders
06:54 Moon Well
08:38 Tree of Life
13:46 Moon Well
15:58 Moon Well
» items
StrApAgAnzA (
pink | 66 APM | 1919 actions | 28:53)
4 Tauren Chieftain
2 Shockwave
2 Endurance Aura
2 Shadow Hunter
1 Healing Wave
1 Hex
1 Far Seer
1 Chain Lighting
» actions
| Assign group hotkey | 41 | |
| Basic commands | 5 | |
| Build / train | 60 | |
| Enter build submenu | 23 | |
| Enter hero's abilities submenu | 7 | |
| Give item / drop item | 5 | |
| Right click | 1113 | |
| Select / deselect | 210 | |
| Select group hotkey | 378 | |
| Use ability | 77 | |
1919 total
» units
» upgrades
| Melee Weapons | 3 | |
| Armor | 2 | |
| Shaman Training | 2 | |
| Berserker Strength | 1 | |
8 total
» buildings
| Altar of Storms | 2 | |
| Orc Burrow | 8 | |
| Barracks | 1 | |
| Voodoo Lounge | 1 | |
| War Mill | 1 | |
| Stronghold | 1 | |
| Fortress | 1 | |
| Spirit Lodge | 1 | |
| Tree of Life | 7 | |
23 total
» build order
00:09 Altar of Storms
00:12 Altar of Storms
00:24 Orc Burrow
00:42 Barracks
01:38 Orc Burrow
02:08 Voodoo Lounge
02:54 Orc Burrow
03:20 War Mill
05:17 Stronghold
06:31 Orc Burrow
06:33 Orc Burrow
07:46 Fortress
08:18 Spirit Lodge
09:35 Orc Burrow
10:30 Orc Burrow
14:58 Orc Burrow
22:44 Tree of Life
22:47 Tree of Life
22:53 Tree of Life
23:22 Tree of Life
23:51 Tree of Life
27:14 Tree of Life
27:22 Tree of Life
» items
| Healing Salve | 2 | |
| Lesser Clarity Potion | 2 | |
| Scroll of Speed | 1 | |
| Orb of Lightning | 1 | |
6 total
Crypy (
green | 39 APM | 855 actions | 21:39)
3 Demon Hunter
2 Evasion
1 Immolation
1 Shadow Hunter
1 Serpent Ward
» actions
| Assign group hotkey | 4 | |
| Basic commands | 17 | |
| Build / train | 65 | |
| Enter build submenu | 13 | |
| Enter hero's abilities submenu | 5 | |
| Right click | 417 | |
| Select / deselect | 296 | |
| Select group hotkey | 1 | |
| Use ability | 37 | |
855 total
» units
| Wisp | 14 | |
| Archer | 4 | |
| Huntress | 4 | |
| Hippogryph | 16 | |
| Chimaera | 6 | |
| Dryad | 5 | |
49 total
» upgrades
| Reinforced Hides | 3 | |
| Strength of the Wild | 3 | |
| Corrosive Breath | 1 | |
7 total
» buildings
| Altar of Elders | 1 | |
| Ancient of War | 1 | |
| Moon Well | 6 | |
| Hunter's Hall | 1 | |
| Ancient of Wonders | 1 | |
| Tree of Ages | 1 | |
| Ancient of Wind | 1 | |
| Tree of Eternity | 1 | |
| Chimaera Roost | 2 | |
15 total
» build order
00:08 Altar of Elders
00:12 Ancient of War
00:16 Moon Well
02:11 Moon Well
02:36 Hunter's Hall
03:38 Moon Well
04:42 Ancient of Wonders
05:09 Tree of Ages
06:42 Moon Well
07:38 Ancient of Wind
08:36 Tree of Eternity
10:27 Moon Well
11:35 Moon Well
12:16 Chimaera Roost
12:24 Chimaera Roost
» items
| Dust of Appearance | 1 | |
| Scroll of Town Portal | 1 | |
2 total
Chat log
(00:16 / Allies) LouFourignoHulk: foots to grpyhons
(00:20 / Allies) LouFourignoHulk: mk paladin bloodmage
(00:41 / Allies) NOOBIENEWBIE: mortars tanks !!!!!!!!!!!!!!!!!!!!!!!!!!!!!!!!!!!!!!!!
(00:42 / Allies) NOOBIENEWBIE: hahaaa
(00:54 / Allies) IKvasili: blue?
(00:56 / Allies) IKvasili: i can support
(00:59 / Allies) IKvasili: with shamans
(01:01 / Allies) Elora: SUMMON MORE ZIGGURATS
(01:02 / Allies) IKvasili: and heal
(01:24 / Allies) LouFourignoHulk: purple please get tauren too
(01:33 / Allies) IKvasili: oki dokie
(01:42 / Allies) IKvasili: want me to spam air instead or blue go wyrms
(01:52 / Allies) LouFourignoHulk: i want u to get melee please
(01:57 / Allies) IKvasili: okie dokie
(02:01 / Allies) LouFourignoHulk: and shamans
(04:13 / Allies) LouFourignoHulk: very nice orange
(05:59 / Allies) LouFourignoHulk: please tech
(06:00 / Allies) LouFourignoHulk: right now
(06:07 / Allies) LouFourignoHulk: why do u have two altars?
(06:09 / Allies) LouFourignoHulk: dude wtf
(06:11 / Allies) IKvasili: eh
(06:12 / Allies) IKvasili: fuk
(06:15 / Allies) IKvasili: not paying attention
(06:21 / Allies) IKvasili: my bad
(06:21 / Allies) IKvasili: rofl
(06:25 / Allies) LouFourignoHulk: yyea abviously
(06:30 / Allies) IKvasili: =[
(06:31 / Allies) IKvasili: relax
(06:56 / Allies) IKvasili: need more ppl
(07:01 / Allies) NOOBIENEWBIE: no need
(07:02 / Allies) NOOBIENEWBIE: juz hot
(07:04 / Allies) NOOBIENEWBIE: hit
(07:10 / Allies) IKvasili: rd
(08:04 / Allies) NOOBIENEWBIE: some wood?
(08:13 / Allies) NOOBIENEWBIE: ty
(08:16 / Allies) LouFourignoHulk: np
(09:33 / Allies) LouFourignoHulk: what
(09:38 / Allies) NOOBIENEWBIE: pink is there
(09:41 / Allies) LouFourignoHulk: purple u are stupid if u think we can hit that
(09:50 / Allies) IKvasili: no
(09:52 / Allies) IKvasili: that
(10:55 / Allies) LouFourignoHulk: wtf is that
(11:00 / Allies) IKvasili: rofl
(11:03 / Allies) Elora: SUMMON MORE ZIGGURATS
(11:20 / Allies) LouFourignoHulk: purple please tech right now
(11:21 / Allies) LouFourignoHulk: dude
(11:26 / Allies) LouFourignoHulk: purple and blue are fucking idiots
(11:38 / Allies) Elora: SUMMON MORE ZIGGURATS
(11:43 / Allies) IKvasili: TRUE
(12:08 / Allies) NOOBIENEWBIE: purple go tier 3 pls
(12:16 / Allies) IKvasili: needed lumber
(12:26 / Allies) NOOBIENEWBIE: i need lumber too
(12:28 / Allies) IKvasili: tyty
(12:34 / Allies) NOOBIENEWBIE: ty
(12:36 / Allies) LouFourignoHulk: its me and u orange
(12:41 / Allies) NOOBIENEWBIE: we will win
(12:42 / Allies) NOOBIENEWBIE: lol
(14:11 / Allies) NOOBIENEWBIE: when purple got tier 3
(14:15 / Allies) NOOBIENEWBIE: i will do magic
(14:55 / Allies) NOOBIENEWBIE: magic time
(15:22 / Allies) LouFourignoHulk: purple
(15:23 / All) Elora: SUMMON MORE ZIGGURATS
(15:26 / Allies) LouFourignoHulk: please get to 80 food
(15:27 / Allies) LouFourignoHulk: right now
(15:31 / Allies) LouFourignoHulk: right fucking now
(15:34 / Allies) LouFourignoHulk: use that gold
(15:36 / Allies) IKvasili: sigh
(15:40 / Allies) IKvasili: ur a royal pain in my ass
(15:40 / Allies) LouFourignoHulk: dont sigh
(15:41 / Allies) IKvasili: but ok
(15:42 / Allies) LouFourignoHulk: make fucking units
(15:44 / Allies) IKvasili: because u know what ur doing
(16:18 / Allies) LouFourignoHulk: rape red
(16:19 / Allies) LouFourignoHulk: purple
(16:20 / Allies) LouFourignoHulk: purple
(16:21 / Allies) LouFourignoHulk: purple
(16:22 / Allies) LouFourignoHulk: purple
(16:22 / Allies) LouFourignoHulk: purlel
(16:34 / Allies) NOOBIENEWBIE: i will kill them
(17:27 / All) jai_jaime: nice strategy
(17:29 / All) jai_jaime: lol oj
(17:45 / All) LouFourignoHulk: the funny thing is
(17:48 / All) LouFourignoHulk: blue is afk
(17:51 / All) LouFourignoHulk: making only ziggs
(18:03 / All) NOOBIENEWBIE: 2 more lvl to mass tele..
(18:07 / All) NOOBIENEWBIE: will be fun
(18:08 / All) Elora: SUMMON MORE ZIGGURATS
(18:42 / All) LouFourignoHulk: noob pink
(18:44 / All) LouFourignoHulk: mass grunts
(19:03 / All) StrApAgAnzA: fk oth braa
(19:17 / All) StrApAgAnzA: if someone goes AA i would of been right
(19:18 / All) LouFourignoHulk: speak english
(19:28 / All) LouFourignoHulk: lol with 12 grunts pink???
(19:30 / All) LouFourignoHulk: u are a noob
(19:32 / All) StrApAgAnzA: okay you fucking cunt!!
(19:36 / All) Elora: lolpwndn00b
(19:37 / All) LouFourignoHulk: cry more on ur way out pink
(19:45 / All) LouFourignoHulk: purple sucked
(19:50 / All) LouFourignoHulk: and blue isnt playingf
(19:52 / All) LouFourignoHulk: how did u guys lose
(19:53 / All) StrApAgAnzA: 1v1?
(20:01 / All) IKvasili: Whatever
(20:03 / All) IKvasili: you won cause of me
(20:06 / All) IKvasili: and my bloodlust
(20:07 / All) IKvasili: rofl
(20:17 / Allies) LouFourignoHulk: stfu purple
(20:22 / All) IKvasili: haha nerd rager
(20:24 / All) StrApAgAnzA: suck my slimy dick cunt
(20:39 / All) StrApAgAnzA: ur mums here
(20:45 / All) StrApAgAnzA: fucking her neck faty
(20:48 / All) Elora: SUMMON MOAR ZIGGURATZ
(21:07 / Allies) LouFourignoHulk: orange
(21:08 / Allies) LouFourignoHulk: lil help
(21:09 / All) StrApAgAnzA: how is blue afk when hes speaking u fucking dickhead
(21:17 / All) LouFourignoHulk: watch the repaly noob pink
(21:21 / All) LouFourignoHulk: hes making only ziggs
(21:28 / All) StrApAgAnzA: FUCK WHERE GOOD
(21:38 / All) StrApAgAnzA: U HAD 4 PEOPLE U FUCKING NIGGA
(21:46 / All) StrApAgAnzA: SUCK ON MY DONG
(21:53 / All) LouFourignoHulk: ur gay
(21:58 / All) StrApAgAnzA: SUCK MY DONG
(22:00 / All) StrApAgAnzA: NIGGA
(22:07 / All) StrApAgAnzA: I WOULD TEAR UR ARSE UP
(22:16 / All) LouFourignoHulk: watch the replay noob
(22:19 / All) LouFourignoHulk: u massed grunts
(22:20 / All) LouFourignoHulk: vs air
(22:21 / All) LouFourignoHulk: lol
(23:32 / All) Elora: SUMMON MOAR ZIGGURATZ
(24:13 / Allies) LouFourignoHulk: ur so cool blue
(24:29 / Allies) Elora: SUMMON MOAR ZIGGURATZ
(24:32 / All) StrApAgAnzA: :)
(24:34 / All) StrApAgAnzA: faggot
(24:37 / All) StrApAgAnzA: cuntszzzzzzzzzz
(26:02 / All) Elora: I AM SANCTIFIED!
(26:30 / Allies) LouFourignoHulk: HOW DOES THAT WORD APPLY TO THIS SITUATION
(26:32 / Allies) LouFourignoHulk: IDIOT
(26:48 / All) Elora: SUMMON MORE ZIGGURATS
(27:07 / Allies) LouFourignoHulk: thank god
(27:22 / Allies) LouFourignoHulk: hes hiding buildings
(27:26 / All) Elora: SUMMON MOAR ZIGGURATZ
(27:26 / Allies) Elora: SUMMON MOAR ZIGGURATZ
(27:27 / Allies) IKvasili: yeah
(27:28 / Allies) Elora: SUMMON MOAR ZIGGURATZ
(27:29 / All) Elora: SUMMON MOAR ZIGGURATZ
(27:30 / All) Elora: SUMMON MOAR ZIGGURATZ
(27:30 / All) Elora: SUMMON MOAR ZIGGURATZ
(27:31 / All) Elora: SUMMON MOAR ZIGGURATZ
(27:31 / All) Elora: SUMMON MOAR ZIGGURATZ
(27:32 / All) Elora: SUMMON MOAR ZIGGURATZ
(27:33 / Allies) Elora: SUMMON MOAR ZIGGURATZ
(27:33 / Allies) Elora: SUMMON MOAR ZIGGURATZ
(27:34 / All) Elora: SUMMON MOAR ZIGGURATZ
(27:35 / All) Elora: SUMMON MOAR ZIGGURATZ
(27:36 / All) Elora: SUMMON MOAR ZIGGURATZ
(27:38 / All) Elora: SUMMON MOAR ZIGGURATZ
(27:38 / All) Elora: SUMMON MOAR ZIGGURATZ
(27:39 / All) Elora: SUMMON MOAR ZIGGURATZ
(27:39 / All) Elora: SUMMON MOAR ZIGGURATZ
(27:40 / All) Elora: SUMMON MOAR ZIGGURATZ
(27:41 / All) Elora: SUMMON MOAR ZIGGURATZ
(27:41 / All) Elora: SUMMON MOAR ZIGGURATZ
(27:43 / All) Elora: SUMMON MOAR ZIGGURATZ
(27:43 / All) Elora: SUMMON MOAR ZIGGURATZ
(27:44 / All) Elora: SUMMON MOAR ZIGGURATZ
(27:44 / All) Elora: SUMMON MOAR ZIGGURATZ
(27:45 / All) Elora: SUMMON MOAR ZIGGURATZ
(27:46 / All) Elora: SUMMON MOAR ZIGGURATZ
(27:46 / All) Elora: SUMMON MOAR ZIGGURATZ
(27:47 / All) Elora: SUMMON MOAR ZIGGURATZ
(27:47 / All) Elora: SUMMON MOAR ZIGGURATZ
(27:48 / All) Elora: SUMMON MOAR ZIGGURATZ
(27:49 / All) Elora: SUMMON MOAR ZIGGURATZ
(27:49 / All) Elora: SUMMON MOAR ZIGGURATZ
(27:50 / All) Elora: SUMMON MOAR ZIGGURATZ
(27:50 / All) Elora: SUMMON MOAR ZIGGURATZ
(27:51 / All) Elora: SUMMON MOAR ZIGGURATZ
(27:52 / All) Elora: SUMMON MOAR ZIGGURATZ
(27:52 / All) Elora: SUMMON MOAR ZIGGURATZ
(27:53 / All) Elora: SUMMON MOAR ZIGGURATZ
(27:53 / All) Elora: SUMMON MOAR ZIGGURATZ
(27:54 / All) Elora: SUMMON MOAR ZIGGURATZ
(27:55 / All) Elora: SUMMON MOAR ZIGGURATZ
(27:55 / All) Elora: SUMMON MOAR ZIGGURATZ
(27:56 / All) Elora: SUMMON MOAR ZIGGURATZ
(27:56 / All) Elora: SUMMON MOAR ZIGGURATZ
(27:57 / All) Elora: SUMMON MOAR ZIGGURATZ
(27:58 / All) Elora: SUMMON MOAR ZIGGURATZ
(27:59 / All) Elora: SUMMON MOAR ZIGGURATZ
(27:59 / All) Elora: SUMMON MOAR ZIGGURATZ
(28:00 / All) Elora: SUMMON MOAR ZIGGURATZ
(28:01 / All) Elora: SUMMON MOAR ZIGGURATZ
(28:01 / All) Elora: SUMMON MOAR ZIGGURATZ
(28:02 / All) Elora: SUMMON MOAR ZIGGURATZ
(28:04 / All) Elora: SUMMON MOAR ZIGGURATZ
(28:04 / All) Elora: SUMMON MOAR ZIGGURATZ
(28:05 / All) Elora: SUMMON MOAR ZIGGURATZ
(28:05 / All) Elora: SUMMON MOAR ZIGGURATZ
(28:06 / All) Elora: SUMMON MOAR ZIGGURATZ
(28:07 / All) Elora: SUMMON MOAR ZIGGURATZ
(28:07 / All) Elora: SUMMON MOAR ZIGGURATZ
(28:08 / All) Elora: SUMMON MOAR ZIGGURATZ
(28:09 / All) Elora: SUMMON MOAR ZIGGURATZ
(28:10 / All) Elora: SUMMON MOAR ZIGGURATZ
(28:10 / All) Elora: SUMMON MOAR ZIGGURATZ
(28:11 / All) Elora: SUMMON MOAR ZIGGURATZ
(28:12 / All) Elora: SUMMON MOAR ZIGGURATZ
(28:12 / All) Elora: SUMMON MOAR ZIGGURATZ
(28:13 / All) Elora: SUMMON MOAR ZIGGURATZ
(28:13 / All) Elora: SUMMON MOAR ZIGGURATZ
(28:14 / All) Elora: SUMMON MOAR ZIGGURATZ
(28:15 / All) Elora: SUMMON MOAR ZIGGURATZ
(28:15 / All) Elora: SUMMON MOAR ZIGGURATZ
(28:16 / All) Elora: SUMMON MOAR ZIGGURATZ
(28:17 / All) Elora: SUMMON MOAR ZIGGURATZ
(28:17 / All) Elora: SUMMON MOAR ZIGGURATZ
(28:18 / All) Elora: SUMMON MOAR ZIGGURATZ
(28:19 / All) Elora: SUMMON MOAR ZIGGURATZ
(28:19 / All) Elora: SUMMON MOAR ZIGGURATZ
(28:20 / All) Elora: SUMMON MOAR ZIGGURATZ
(28:20 / All) Elora: SUMMON MOAR ZIGGURATZ
(28:21 / All) Elora: SUMMON MOAR ZIGGURATZ
(28:22 / All) Elora: SUMMON MOAR ZIGGURATZ
(28:23 / All) Elora: SUMMON MOAR ZIGGURATZ
(28:23 / All) Elora: SUMMON MOAR ZIGGURATZ
(28:24 / All) Elora: SUMMON MOAR ZIGGURATZ
(28:25 / All) Elora: SUMMON MOAR ZIGGURATZ
(28:26 / All) Elora: SUMMON MOAR ZIGGURATZ
(28:26 / All) Elora: SUMMON MOAR ZIGGURATZ
(28:27 / All) Elora: SUMMON MOAR ZIGGURATZ
(28:27 / All) Elora: SUMMON MOAR ZIGGURATZ
(28:28 / All) Elora: SUMMON MOAR ZIGGURATZ
(28:29 / All) Elora: SUMMON MOAR ZIGGURATZ
(28:29 / All) Elora: SUMMON MOAR ZIGGURATZ
(28:30 / All) Elora: SUMMON MOAR ZIGGURATZ
(28:30 / All) Elora: SUMMON MOAR ZIGGURATZ
(28:31 / All) Elora: SUMMON MOAR ZIGGURATZ
(28:31 / All) Elora: SUMMON MOAR ZIGGURATZ
(28:32 / All) Elora: SUMMON MOAR ZIGGURATZ
(28:33 / All) Elora: SUMMON MOAR ZIGGURATZ
(28:33 / All) Elora: SUMMON MOAR ZIGGURATZ
(28:34 / All) Elora: SUMMON MOAR ZIGGURATZ
(28:34 / All) Elora: SUMMON MOAR ZIGGURATZ
(28:36 / All) Elora: SUMMON MOAR ZIGGURATZ
(28:36 / All) Elora: SUMMON MOAR ZIGGURATZ
(28:37 / All) Elora: SUMMON MOAR ZIGGURATZ
(28:37 / All) Elora: SUMMON MOAR ZIGGURATZ
(28:38 / All) Elora: SUMMON MOAR ZIGGURATZ
(28:39 / All) Elora: SUMMON MOAR ZIGGURATZ
(28:39 / All) Elora: SUMMON MOAR ZIGGURATZ
(28:40 / All) Elora: SUMMON MOAR ZIGGURATZ
(28:41 / All) Elora: SUMMON MOAR ZIGGURATZ
(28:41 / All) Elora: SUMMON MOAR ZIGGURATZ
(28:42 / All) Elora: SUMMON MOAR ZIGGURATZ
(28:42 / All) Elora: SUMMON MOAR ZIGGURATZ
(28:43 / All) Elora: SUMMON MOAR ZIGGURATZ
(28:43 / All) Elora: SUMMON MOAR ZIGGURATZ
(28:44 / All) Elora: SUMMON MOAR ZIGGURATZ
(28:44 / All) Elora: SUMMON MOAR ZIGGURATZ
(28:45 / All) Elora: SUMMON MOAR ZIGGURATZ
(28:45 / All) Elora: SUMMON MOAR ZIGGURATZ
(28:46 / All) Elora: SUMMON MOAR ZIGGURATZ
(28:47 / All) Elora: SUMMON MOAR ZIGGURATZ
(28:47 / All) Elora: SUMMON MOAR ZIGGURATZ
(28:48 / All) Elora: SUMMON MOAR ZIGGURATZ
(28:48 / All) Elora: SUMMON MOAR ZIGGURATZ
(28:49 / All) Elora: SUMMON MOAR ZIGGURATZ
(28:50 / All) Elora: SUMMON MOAR ZIGGURATZ
(28:51 / All) Elora: SUMMON MOAR ZIGGURATZ
(28:51 / All) Elora: SUMMON MOAR ZIGGURATZ
(28:52 / All) Elora: SUMMON MOAR ZIGGURATZ
(28:53 / All) Elora: SUMMON MOAR ZIGGURATZ